 Dungeon Crawl Stone Soup version 0.19-a0-1920-g83281cb (webtiles) character file.

51 Leibowitz the Skirmisher (level 3, -3/31 HPs)
             Began as a Demigod Fighter on Oct 23, 2016.
             Slain by a gnoll
             ... wielding a +3 halberd
              (12 damage)
             ... on level 2 of the Dungeon.
             The game lasted 00:02:47 (1370 turns).

Leibowitz the Skirmisher (Demigod Fighter)          Turns: 1370, Time: 00:02:48

Health: -3/31      AC:  4    Str: 19    XL:     3   Next: 36%
Magic:  5/5        EV:  8    Int: 12    God:
Gold:   68         SH:  9    Dex: 17    Spells: 0 memorised, 2 levels left

rFire  . . .     SeeInvis .     b - +2 dagger (elec)
rCold  . . .     Gourm    .     n - +0 leather armour (curse)
rNeg   . . .     Faith    .     c - +0 shield
rPois  .         Spirit   .     (no helmet)
rElec  .         Reflect  .     s - +0 cloak
rCorr  .         Harm     .     (no gloves)
MR     .....                    (no boots)
Stlth  ++........               (no amulet)
                                (no ring)
                                (no ring)

@: lethally poisoned (-3 -> -16)
A: high mp 1
a: no special abilities


You were on level 2 of the Dungeon.
You were hungry.

You visited 1 branch of the dungeon, and saw 2 of its levels.

You collected 68 gold pieces.

Inventory:

Hand Weapons
 a - a +0 long sword
 b - a +2 dagger of electrocution (weapon)
Armour
 c - a +0 shield (worn)
 n - a cursed +0 leather armour (worn)
 s - a +0 cloak (worn)
Jewellery
 j - an uncursed ring of ice
Scrolls
 g - 2 scrolls of identify {unknown}
 i - 2 scrolls of remove curse {unknown}
 k - 2 scrolls of noise {unknown}
 m - a scroll of amnesia {unknown}
 o - a scroll of magic mapping {unknown}
 r - 2 scrolls of recharging {unknown}
Potions
 d - a potion of might
 e - a potion of lignification {unknown}
 h - 2 potions of invisibility {unknown}
 p - 2 potions of mutation {unknown}
 q - a potion of haste {unknown}
Comestibles
 f - a bread ration
 l - 2 slices of pizza


   Skills:
 + Level 3.3 Fighting
 + Level 2.0 Long Blades
 + Level 3.0 Armour
 * Level 1.3 Stealth
 + Level 2.9 Shields


You had 2 spell levels left.
You didn't know any spells.

Dungeon Overview and Level Annotations

Branches:
Dungeon (2/15)


Innate Abilities, Weirdness & Mutations

You have an increased reservoir of magic. (+10% MP)


Message History

You hit the gnoll but do no damage. You block the gnoll's attack.
You hit the gnoll but do no damage. The gnoll barely misses you.
You closely miss the gnoll. The gnoll hits you with a whip.
The gnoll hits you but does no damage. You block the gnoll's attack.
Your shield prevents you from hitting the gnoll.
The gnoll closely misses you. You block the gnoll's attack.
The gnoll completely misses you.
You hit the gnoll but do no damage.
You are feeling hungry.
The gnoll hits you with a whip! The gnoll closely misses you.
The gnoll barely misses you.
You closely miss the gnoll. You block the gnoll's attack.
The gnoll hits you with a spear of venom!
You are lethally poisoned!
You hit the gnoll but do no damage.
There is a sudden explosion of sparks!
The gnoll is almost dead.
* * * LOW HITPOINT WARNING * * *
You feel sick. You block the gnoll's attack. x2
The gnoll hits you with an enchanted halberd!
You die...

##.... #.....
######._..⌠ #######
#.......... #.....#
#.......... #.....#
#..........
#.....#####..........
#..g.............##.#
#..g@...##.......#...
#..g..#..##.........#
########..........#.#
#......>........#.#
#..................
#...........#####.#
#.......#.#..## #..
#.......#.##..###..
#.......#..##.....#


You could see 3 gnolls.

Vanquished Creatures
  2 adders (D:2)
  An ooze (D:2)
  A dart slug (D:2)
  A leopard gecko (D:1)
  A ball python (D:2)
  4 goblins
  2 hobgoblins (D:1)
  5 kobolds
  3 bats
  2 frilled lizards (D:2)
  5 rats
27 creatures vanquished.

Notes
Turn   | Place    | Note
-------+----------+-------------------------------------------
     0 | D:1      | Leibowitz the Demigod Fighter began the quest for the Orb.
     0 | D:1      | Reached XP level 1. HP: 18/18 MP: 3/3
   671 | D:1      | Reached XP level 2. HP: 21/26 MP: 4/4
   986 | D:2      | Found a shadowy altar of Dithmenos.
  1012 | D:2      | Found an iron altar of Okawaru.
  1015 | D:2      | Found a white marble altar of Elyvilon.
  1018 | D:2      | Reached skill level 1 in Stealth
  1046 | D:2      | Reached XP level 3. HP: 25/31 MP: 5/5
  1370 | D:2      | Slain by a gnoll

Vault maps used:
D:1:      sevenhm_arrival_forest_fort_small_3
D:2:      grunt_temple_overflow_open, nicolae_dithmenos_shadow_blocks

Skill      XL: |  1  2  3 |
---------------+----------+-----
Fighting       | 3 |  3.3
Stealth        | 1 |  1.3
Armour         | 3 |  3.0
Long Blades    | 2 |  2.0
Shields        | |  2.9

Action                   || total
-------------------------++-------
Melee: Long sword        ||    67
       Dagger            ||     7
  Eat: Chunk             ||     1
Armor: Scale mail        ||    11
       Leather armour    ||     5
Dodge: Dodged            ||    30
Block: Shield            ||    43
       Rpst.: Long sword ||     3
